Map: Neon Violet Square LE

Players

Snute - Winner!

  • Race: Zerg Zerg
  • Spawn Location: 11:00

Ziggy

  • Race: Terran Terran
  • Spawn Location: 5:00

Event: IEM Season 12 - Katowice

VOD

Have the link to the VOD?

Description

Time

  • Played on: Feb. 27, 2018, 4:18 a.m.
  • Length: 14:41

All games in this series

Show
View Real Time Build Order
Export as new Build Order

Snute Zerg - Winner!

Build Orders: Pool First 

Get SALT Encoding   

  12  0:00  Drone  
  13  0:13  Overlord  
  13  0:18  Drone  
  14  0:31  Drone x2  
  14  0:35  Drone  
  17  0:45  Spawning Pool  
  16  0:50  Drone  
  17  1:11  Hatchery  
  17  1:13  Drone  
  17  1:16  Drone  
  18  1:18  Extractor  
  18  1:21  Drone  
  18  1:32  Queen  
  20  1:35  Zergling x2  
  21  1:43  Overlord  
  21  1:50  Drone  
  22  2:03  Drone  
  22  2:08  Queen  
  25  2:14  Drone  
  26  2:20  Metabolic Boost  
  26  2:22  Drone  
  27  2:23  Queen  
  27  2:27  Drone  
  30  2:33  Drone  
  30  2:34  Overlord  
  31  2:39  Drone x2  
  31  2:43  Drone  
  34  2:47  Overlord  
  34  2:49  Drone  
  35  2:55  Drone  
  35  2:56  Drone  
  37  3:01  Queen  
  39  3:06  Queen  
  39  3:09  Drone  
  39  3:11  Drone  
  43  3:15  Drone x2  
  43  3:17  Drone  
  43  3:19  Drone  
  47  3:21  Drone  
  47  3:24  Overlord  
  48  3:28  Drone  
  48  3:30  Overlord  
  48  3:31  Zergling x2  
  50  3:36  Overlord  
  50  3:47  Zergling x4  
  54  3:50  Hatchery  
  54  3:51  Drone  
  54  3:52  Drone  
  54  3:54  Extractor  
  52  3:58  Roach Warren  
  52  4:00  Drone x2  
  53  4:04  Zergling x4  
  53  4:08  Drone x2  
  56  4:12  Drone  
  56  4:15  Overlord  
  56  4:20  Overlord  
  56  4:24  Extractor  
  56  4:29  Extractor  
  54  4:31  Overlord  
  54  4:37  Overlord  
  54  4:38  Roach x2  
  54  4:41  Roach  
  60  4:46  Roach  
  61  4:53  Roach x3  
  61  4:54  Roach  
  61  4:56  Roach x4  
  77  5:01  Lair  
  77  5:03  Drone  
  77  5:06  Drone  
  80  5:07  Drone  
  80  5:09  Ravager  
  80  5:11  Ravager  
  81  5:16  Drone x2  
  81  5:18  Drone  
  82  5:25  Drone  
  82  5:27  Evolution Chamber  
  82  5:28  Drone x2, Evolution Chamber  
  84  5:32  Drone x3  
  84  5:33  Drone  
  87  5:36  Roach  
  87  5:42  Roach x2  
  93  5:44  Ravager  
  93  5:45  Ravager  
  93  5:49  Roach x2  
  99  5:53  Zerg Ground Armor Level 1  
  99  5:54  Drone  
  100  6:01  Zerg Missile Weapons Level 1  
  100  6:07  Roach x3  
  106  6:12  Overlord x2  
  106  6:17  Overlord  
  106  6:32  Ravager x3  
  109  6:33  Queen x2  
  109  6:35  Hatchery  
  109  6:37  Roach  
  109  6:38  Roach x2  
  118  6:41  Ravager  
  119  6:47  Drone x5  
  119  6:48  Drone x3  
  119  6:49  Drone  
  128  6:58  Drone  
  128  6:59  Drone x5  
  128  7:04  Overlord  
  128  7:05  Drone x3  
  128  7:06  Drone  
  130  7:14  Extractor  
  129  7:16  Extractor  
  129  7:17  Infestation Pit, Glial Reconstitution  
  129  7:20  Hydralisk Den  
  126  7:28  Roach x6  
  132  7:42  Roach  
  132  7:43  Roach x7  
  132  7:48  Roach x3  
  124  7:54  Roach x2  
  106  7:59  Roach x3  
  96  8:06  Roach  
  96  8:07  Roach x2  
  102  8:13  Roach x2  
  102  8:18  Extractor  
  102  8:19  Extractor  
  104  8:20  Ravager  
  104  8:26  Drone x2  
  104  8:27  Drone x2, Hatchery  
  109  8:31  Ravager  
  109  8:33  Ravager  
  110  8:38  Roach x2  
  114  8:45  Hatchery  
  113  8:50  Queen x3  
  113  8:51  Drone  
  113  8:52  Drone x4  
  113  8:54  Drone  
  113  8:55  Drone x3  
  128  8:57  Ravager x2  
  128  9:00  Zerg Missile Weapons Level 2  
  130  9:06  Grooved Spines  
  130  9:17  Overlord x2  
  130  9:19  Extractor  
  130  9:20  Overlord  
  130  9:23  Zerg Ground Armor Level 2, Extractor  
  128  9:25  Queen  
  130  9:37  Roach x5  
  140  9:42  Ravager  
  140  9:43  Ravager x3  
  144  9:47  Roach  
  144  9:48  Roach x2  
  150  10:02  Hive  
  150  10:06  Overlord  
  150  10:08  Roach  
  150  10:09  Roach x4  
  150  10:13  Ravager x4  
  161  10:33  Hydralisk x7  
  172  10:38  Overlord  
  172  10:39  Ravager  
  172  10:40  Ravager x3  
  143  10:56  Hydralisk  
  143  10:57  Hydralisk x5  
  131  11:10  Hatchery  
  125  11:18  Drone x3  
  125  11:19  Drone x3  
  127  11:28  Drone  
  127  11:29  Drone x3  
  130  11:35  Viper x2  
  130  11:36  Viper  
  130  11:38  Viper  
  142  11:42  Hydralisk  
  142  11:44  Hydralisk  
  146  11:47  Muscular Augments  
  146  11:53  Hydralisk  
  146  11:54  Hydralisk  
  148  11:57  Hydralisk x2  
  148  12:00  Roach  
  156  12:02  Roach  
  156  12:05  Roach  
  160  12:20  Roach x6  
  167  12:27  Drone x4  
  167  12:28  Drone  
  167  12:29  Drone  
  168  12:34  Hydralisk  
  168  12:35  Hydralisk  
  172  12:39  Drone x2  
  172  12:43  Ravager  
  172  12:44  Ravager x7  
  181  12:47  Overlord  
  182  12:53  Pneumatized Carapace  
  182  12:54  Overseer  
  182  13:09  Hatchery  
  147  13:22  Viper x3  
  147  13:25  Overlord  
  147  13:27  Drone x5  
  151  13:30  Roach x8  
  170  13:38  Roach  
  170  13:39  Roach x3  
  178  13:42  Overlord  
  178  13:49  Roach x4  
  186  13:57  Hydralisk x4  
  194  14:03  Hydralisk x2  
  198  14:11  Hydralisk  
Show
View Real Time Build Order
Export as new Build Order

Ziggy Terran 

Build Orders: Gas First Reaper Expand, Hellion Opening, Reaper Expand 

Get SALT Encoding   

  12  0:00  SCV  
  13  0:12  SCV  
  14  0:17  Supply Depot  
  14  0:24  SCV  
  15  0:31  Refinery  
  15  0:39  SCV  
  16  0:45  Barracks  
  16  0:51  SCV  
  17  1:03  SCV  
  18  1:15  SCV  
  19  1:31  Reaper  
  19  1:32  Orbital Command  
  20  1:47  Command Center  
  20  1:58  SCV  
  21  2:03  Factory  
  21  2:08  Barracks Reactor  
  21  2:10  SCV  
  21  2:14  Supply Depot  
  22  2:22  SCV  
  23  2:23  Refinery  
  23  2:36  SCV  
  24  2:48  SCV  
  24  2:50  Factory  
  25  2:53  Hellion x2  
  29  2:59  Orbital Command  
  29  3:01  SCV  
  29  3:02  Marine  
  31  3:14  Hellion  
  31  3:15  Hellion  
  35  3:25  SCV, Armory  
  36  3:27  SCV  
  37  3:34  Refinery  
  37  3:36  Factory Reactor  
  37  3:37  SCV  
  38  3:46  SCV  
  39  3:49  SCV  
  39  3:51  Supply Depot  
  40  3:56  Hellion  
  40  3:57  Hellion  
  40  3:58  SCV  
  40  4:01  SCV  
  46  4:13  Cyclone x2  
  52  4:24  Cyclone, Supply Depot  
  52  4:25  Terran Vehicle Weapons Level 1  
  55  4:32  Hellion  
  55  4:35  SCV x2  
  59  4:40  Supply Depot  
  59  4:45  Cyclone  
  59  4:47  SCV  
  63  4:54  SCV  
  63  4:59  SCV  
  65  5:00  Cyclone  
  65  5:05  Cyclone  
  71  5:11  Hellion  
  73  5:21  Cyclone  
  76  5:33  Cyclone  
  76  5:34  Supply Depot x2  
  77  5:40  Cyclone  
  80  5:45  Cyclone  
  80  5:48  SCV  
  84  5:54  Hellion  
  84  5:55  SCV  
  87  6:01  SCV  
  88  6:06  Cyclone  
  91  6:13  Cyclone  
  91  6:15  SCV x2  
  96  6:26  Command Center  
  96  6:31  Terran Vehicle Weapons Level 2  
  96  6:34  SCV  
  96  6:35  SCV, Refinery  
  98  6:45  Hellion x2  
  102  7:08  Cyclone x2, Supply Depot, SCV x2  
  110  7:09  Supply Depot  
  110  7:20  SCV x2  
  110  7:21  Factory  
  110  7:23  Factory  
  110  7:33  SCV x2  
  107  7:37  Cyclone x2  
  107  7:38  SCV  
  95  7:45  SCV  
  95  7:46  SCV  
  95  7:50  SCV  
  96  7:52  Cyclone  
  96  7:57  SCV  
  91  7:58  SCV  
  91  8:04  Hellion  
  95  8:09  SCV, Hellion  
  95  8:10  SCV  
  95  8:11  Orbital Command  
  98  8:13  Factory  
  98  8:15  Factory, Factory Tech Lab  
  98  8:21  SCV, Factory Tech Lab  
  99  8:33  Refinery  
  99  8:34  Orbital Command  
  99  8:35  Refinery  
  99  8:38  Siege Tank, Command Center  
  102  8:42  Siege Tank  
  102  8:44  Hellion  
  107  8:51  Hellion  
  107  8:52  Hellion  
  115  9:03  Hellion x2  
  115  9:05  Terran Vehicle Weapons Level 3  
  115  9:07  SCV  
  116  9:12  SCV x2  
  116  9:16  Siege Tank  
  121  9:17  Factory Reactor  
  121  9:20  Hellion x3  
  127  9:24  Factory Tech Lab  
  127  9:27  SCV x2  
  127  9:28  SCV  
  127  9:30  Siege Tank  
  133  9:37  Hellion  
  135  9:44  Supply Depot x2  
  135  9:45  Supply Depot, SCV x3  
  136  9:48  Siege Tank  
  141  9:53  Orbital Command  
  141  9:58  Siege Tank  
  141  9:59  Hellion  
  146  10:08  Siege Tank  
  149  10:19  Hellion  
  149  10:20  Hellion, Siege Tank  
  152  10:24  Hellion  
  152  10:30  Siege Tank  
  152  10:32  Starport x2  
  152  10:33  Starport  
  149  10:40  Hellion x3, Siege Tank  
  158  10:49  Hellion x2  
  133  10:50  SCV x2  
  133  10:51  Cyclone  
  133  10:52  Cyclone  
  116  11:03  Siege Tank  
  115  11:04  Hellion x3  
  115  11:06  Refinery  
  115  11:07  Refinery  
  115  11:11  Starport Reactor x2  
  119  11:12  Starport Tech Lab, Siege Tank  
  119  11:17  Hellion x2  
  123  11:24  Hellion, Siege Tank  
  122  11:37  Siege Tank, Engineering Bay, Command Center  
  122  11:38  Hellion x3  
  122  11:39  Hellion  
  133  11:44  Siege Tank  
  133  11:45  Viking  
  138  11:47  Infernal Pre-Igniter  
  138  11:49  Terran Vehicle And Ship Armor Level 1  
  138  11:50  SCV x4  
  138  11:51  Hellion  
  138  11:52  Hellion  
  146  11:57  Hellion  
  152  12:01  Hellion x2  
  152  12:09  Siege Tank  
  152  12:11  Viking x2  
  152  12:13  Viking  
  161  12:17  Siege Tank  
  154  12:24  Viking x2  
  154  12:29  Siege Tank  
  155  12:30  Hellion x3  
  159  12:41  Viking x2  
  159  12:42  Missile Turret, Siege Tank  
  166  12:44  Missile Turret  
  166  12:45  Sensor Tower, Viking  
  168  12:57  Viking x2  
  172  13:06  Siege Tank x2  
  172  13:07  Hellion  
  172  13:11  Viking  
  182  13:14  Siege Tank  
  162  13:21  Viking x2  
  162  13:23  Hellion  
  162  13:24  Hellion  
  165  13:32  Viking x2  
  169  13:37  Hellion  
  169  13:38  Siege Tank  
  169  13:40  Planetary Fortress  
  174  13:43  Hellion  
  176  13:53  Siege Tank  
  179  13:57  Siege Tank  

Tags
 
Add a new tag
Caveats
  • Supply blocks, unpowered buildings, or Contaminate may cause inaccurate times.
  • Supply counts are checked every 10 seconds.